 Dungeon Crawl Stone Soup version 0.17-a0-1596-g1e86911 (webtiles) character file.

13202 karlkraus the Blocker (level 11, -18/99 HPs)
             Began as a Minotaur Fighter on July 30, 2015.
             Was the Champion of Cheibriados.
             Killed from afar by an orc sorcerer (20 damage)
             ... with a bolt of negative energy
             ... on level 4 of the Orcish Mines.
             The game lasted 00:39:26 (10782 turns).

karlkraus the Blocker (Minotaur Fighter)           Turns: 10782, Time: 00:39:29

Health: -18/99     AC: 21    Str: 41    XL:     11   Next: 72%
Magic:  10/10      EV: 14    Int: 20    God:    Cheibriados [******]
Gold:   1662       SH: 17    Dex: 26    Spells: 0 memorised, 10 levels left

rFire  . . .     SeeInvis .     a - +1 flail
rCold  . . .     Clarity  .     E - +2 plate armour {rPois}
rNeg   . . .     SustAt   .     W - +1 shield {reflect}
rPois  +         Gourm    .     (helmet restricted)
rElec  .         Spirit   .     R - +1 cloak
rCorr  +         Warding  .     o - +1 pair of gloves {Str+3}
rMut   .         Stasis   .     (no boots)
MR     +....                    t - amulet of resist corrosion
Stlth  ..........               P - ring of protection from magic
                                q - +2 ring of evasion

@: very slightly contaminated, drained, very slow, somewhat resistant to hostile
enchantments, extremely unstealthy
A: retaliatory headbutt, horns 2
a: Bend Time, Temporal Distortion, Slouch, Step From Time, Renounce Religion


You were on level 4 of the Orcish Mines.
You worshipped Cheibriados.
Cheibriados was exalted by your worship.
You were hungry.

You visited 2 branches of the dungeon, and saw 14 of its levels.

You collected 1698 gold pieces.
You spent 36 gold pieces at shops.

Inventory:

Hand weapons
 a - a +1 flail (weapon)
Armour
 o - a +1 pair of gloves of strength (worn)
 E - a +2 plate armour of poison resistance (worn)
 R - a +1 cloak (worn)
 W - a +1 shield of reflection (worn)
Jewellery
 q - a +2 ring of evasion (left hand)
 t - an amulet of resist corrosion (around neck)
 D - an uncursed ring of protection from cold
 J - an uncursed ring of poison resistance
 P - a ring of protection from magic (right hand)
Magical devices
 m - a wand of slowing (22)
 x - a wand of frost (25)
 y - a wand of frost (24)
 S - a wand of lightning (3)
 V - a wand of disintegration (24)
Scrolls
 k - a scroll of fog
 l - 2 scrolls of enchant weapon
 v - a scroll of fear
 w - 12 scrolls of remove curse
 B - 3 scrolls of magic mapping
 H - 3 scrolls of identify
 I - 2 scrolls of teleportation
 O - a scroll of noise
Potions
 b - a potion of brilliance {unknown}
 f - 4 potions of flight
 h - a potion of mutation {unknown}
 i - a potion of heal wounds {unknown}
 p - 2 potions of agility {unknown}
 r - a potion of degeneration {unknown}
 s - a potion of magic {unknown}
 u - 6 potions of curing {unknown}
 z - 2 potions of poison {unknown}
 K - 2 potions of lignification {unknown}
 L - a potion of resistance
 Q - a potion of ambrosia
Comestibles
 d - 5 meat rations
 e - 9 bread rations
 n - 2 slices of pizza
 F - 2 beef jerkies
 M - 3 fruits


   Skills:
 + Level 9.8(9.2) Fighting
 + Level 11.7(11.0) Maces & Flails
 + Level 11.3(10.6) Armour
 + Level 4.9(4.3) Dodging
 + Level 1.0(0.5) Stealth
 + Level 12.4(11.7) Shields


You had 10 spell levels left.
You didn't know any spells.

Dungeon Overview and Level Annotations

Branches:
Dungeon (10/15)            Temple (0/1) D:4            Lair (0/8) D:9
    Orc (4/4) D:10            Elf (0/3) Orc:3

Altars:
Cheibriados
Dithmenos
Fedhas
Okawaru
Vehumet
Yredelemnul
Zin
The Shining One

Shops:
D:4 *   D:5 *   D:10 *   Orc:1 }   Orc:2 (   Orc:4 *


Innate Abilities, Weirdness & Mutations

You reflexively headbutt those who attack you in melee.
You have a pair of horns on your head.


Message History

The sixfirhy hits you!
* * * LOW HITPOINT WARNING * * *
The sixfirhy shocks you!
* * * LOW HITPOINT WARNING * * *
You block the sixfirhy's attack. x2
The sixfirhy hits you.
* * * LOW HITPOINT WARNING * * *
The sixfirhy shocks you!
* * * LOW HITPOINT WARNING * * *
The warg closely misses you. You furiously retaliate!
You headbutt the warg! The warg misses you. The warg barely misses you.
You furiously retaliate!
You headbutt the warg! You block the warg's attack.
The sixfirhy disappears in a puff of smoke!
The blue devil swoops through the air toward you!
The blue devil closely misses you. You furiously retaliate!
You headbutt the blue devil, but do no damage.
You block the warg's attack. x2
The orc sorcerer points at you and mumbles some strange words.
The bolt of negative energy hits you!
You feel drained.
You die...

#..........
#...[......
#..........
#$.........
#..........
#..........
#..ยง.......
#.ohh......
##.@.......
#..4.......
#..........
#..........
#..........
#..........
#..........
#..........


You could see a blue devil, 2 wargs and an orc sorcerer.

Vanquished Creatures
  Donald (Orc:3)
  Maud (D:10)
  Erolcha (Orc:1)
  An orc sorcerer (Orc:3)
  Maurice (Orc:3)
  Joseph (D:7)
  3 two-headed ogres
  3 trolls
  A trapdoor spider (D:9)
  The ghost of cireshan the Conjurer, an average DECj (D:5)
  6 yaks (D:10)
  Menkaure (D:7)
  3 wargs (Orc:4)
  4 hungry ghosts (D:8)
  2 ice beasts
  A black bear (D:8)
  A wasp (D:7)
  10 ogres
  10 orc warriors
  A sky beast (D:9)
  A phantom (D:10)
  4 centaurs
  6 giant frogs
  A big kobold (D:7)
  7 scorpions
  2 crimson imps (D:7)
  A centaur zombie (D:5)
  A gnoll shaman (D:7)
  3 iguanas
  Crazy Yiuf (D:7)
  3 giant frog skeletons
  18 orc priests
  4 hounds
  19 orc wizards
  Terence (D:3)
  9 worker ants
  A hound zombie (D:8)
  A hound skeleton (D:7)
  A worker ant zombie (D:8)
  9 adders
  7 gnolls
  A river rat (D:9)
  A shadow imp (D:5)
  2 oozes
  4 adder zombies
  3 worms
  6 giant geckos
  116 orcs
  6 giant cockroaches
  2 gnoll zombies (D:4)
  17 hobgoblins
  12 jackals
  8 kobolds
  8 quokkas
  2 ball pythons
  10 bats
  A giant gecko skeleton (D:5)
  7 giant newts
  8 goblins
  2 quokka skeletons
  A quokka zombie (D:5)
  17 rats
  A bush (D:1)
  2 plants (D:1)
390 creatures vanquished.

Vanquished Creatures (others)
  A fungus (D:9)
1 creature vanquished.

Grand Total: 391 creatures vanquished

Notes
Turn   | Place    | Note
--------------------------------------------------------------
     0 | D:1      | karlkraus the Minotaur Fighter began the quest for the Orb.
     0 | D:1      | Reached XP level 1. HP: 19/19 MP: 0/0
    36 | D:1      | Reached skill level 4 in Armour
    69 | D:1      | Reached XP level 2. HP: 18/27 MP: 1/1
  1407 | D:2      | Reached XP level 3. HP: 33/33 MP: 2/2
  1824 | D:2      | Reached skill level 1 in Dodging
  2143 | D:2      | Found a glowing silver altar of Zin.
  2324 | D:3      | Reached XP level 4. HP: 35/40 MP: 3/3
  2762 | D:3      | Noticed Terence
  2768 | D:3      | Killed Terence
  2768 | D:3      | Reached skill level 5 in Armour
  2768 | D:3      | Reached XP level 5. HP: 40/47 MP: 4/4
  3042 | D:4      | Found Urypn's General Store.
  3075 | D:4      | Bought a potion of flight for 36 gold pieces
  3136 | D:4      | Reached skill level 5 in Shields
  3136 | D:4      | Reached XP level 6. HP: 51/53 MP: 5/5
  3165 | D:4      | Noticed an ogre
  3454 | D:4      | Found a staircase to the Ecumenical Temple.
  3557 | D:4      | HP: 2/53 [ogre/giant club (21)]
  3559 | D:4      | Killed an ogre
  3559 | D:4      | Reached skill level 6 in Armour
  3904 | D:4      | Found a snail-covered altar of Cheibriados.
  3920 | D:4      | Became a worshipper of Cheibriados the Contemplative
  4055 | D:4      | Found a basalt altar of Yredelemnul.
  4084 | D:5      | Entered Level 5 of the Dungeon
  4109 | D:5      | Found Oracurai's Assorted Antiques.
  4124 | D:5      | Reached XP level 7. HP: 60/60 MP: 6/6
  4155 | D:5      | Noticed cireshan's ghost (average DECj)
  4161 | D:5      | Killed cireshan's ghost
  4161 | D:5      | Reached skill level 5 in Fighting
  4267 | D:5      | Acquired Cheibriados's first power
  4394 | D:5      | Found a shadowy altar of Dithmenos.
  4763 | D:6      | Reached skill level 5 in Maces & Flails
  4911 | D:6      | Reached skill level 7 in Armour
  4911 | D:6      | Reached XP level 8. HP: 69/69 MP: 7/7
  5900 | D:7      | Noticed Joseph
  5902 | D:7      | Noticed Menkaure
  5915 | D:7      | Killed Joseph
  5918 | D:7      | Killed Menkaure
  6223 | D:7      | Reached skill level 8 in Armour
  6303 | D:7      | Reached XP level 9. HP: 78/78 MP: 8/8
  6361 | D:7      | Noticed Crazy Yiuf
  6365 | D:7      | Killed Crazy Yiuf
  6826 | D:8      | Acquired Cheibriados's second power
  6875 | D:8      | Reached skill level 9 in Armour
  7287 | D:7      | Found a radiant altar of Vehumet.
  7345 | D:9      | Found a blossoming altar of Fedhas.
  7346 | D:9      | Acquired Cheibriados's third power
  7358 | D:9      | Reached XP level 10. HP: 88/88 MP: 9/9
  7457 | D:9      | Found an iron altar of Okawaru.
  7551 | D:9      | Found a staircase to the Lair.
  7860 | D:9      | Found a glowing golden altar of the Shining One.
  8005 | D:10     | Entered Level 10 of the Dungeon
  8067 | D:10     | Noticed Maud
  8079 | D:10     | Killed Maud
  8079 | D:10     | Reached skill level 10 in Armour
  8079 | D:10     | Reached skill level 10 in Shields
  8083 | D:10     | Reached skill level 10 in Maces & Flails
  8182 | D:10     | Acquired Cheibriados's fourth power
  8310 | D:10     | Found a staircase to the Orcish Mines.
  8564 | D:10     | Found Vabuunav's General Store.
  8704 | D:10     | Reached skill level 1 in Stealth
  8707 | D:10     | Reached skill level 11 in Shields
  8763 | D:10     | Reached XP level 11. HP: 95/95 MP: 10/10
  8801 | Orc:1    | Entered Level 1 of the Orcish Mines
  8964 | Orc:2    | Found Cauts's Antique Weapon Boutique.
  9190 | Orc:1    | Noticed Erolcha
  9191 | Orc:1    | Paralysed by Erolcha for 7 turns
  9204 | Orc:1    | Killed Erolcha
  9234 | Orc:1    | Found Fuehiz's Quality Used Wands.
  9976 | Orc:3    | Found a radiant altar of Vehumet.
 10076 | Orc:3    | Found a staircase to the Elven Halls.
 10082 | Orc:3    | Noticed Donald
 10083 | Orc:3    | Noticed Maurice
 10104 | Orc:3    | Killed Donald
 10104 | Orc:3    | Reached skill level 12 in Shields
 10135 | Orc:3    | Killed Maurice
 10388 | Orc:3    | Paralysed by an orc sorcerer for 5 turns
 10630 | Orc:4    | Entered Level 4 of the Orcish Mines
 10689 | Orc:4    | Found Zogej's Assorted Antiques.
 10732 | Orc:4    | Noticed an orc high priest
 10765 | Orc:4    | Noticed an ice devil
 10781 | Orc:4    | HP: 2/99 [sixfirhy[an orc sorcerer] (9)]
 10782 | Orc:4    | Killed from afar by an orc sorcerer

Vault maps used:
D:1:      dpeg_arrival_rooms_with_view, serial_forest, infiniplex_forest_end_3,
          infiniplex_forest_straight_3, infiniplex_forest_clump_double,
          infiniplex_forest_straight_4, infiniplex_forest_end_1,
          infiniplex_forest_zigzag_1, infiniplex_forest_lined_room_2,
          infiniplex_forest_zigzag_2, infiniplex_forest_straight_2
D:2:      minmay_door_path, zin_treasury
D:3:      minmay_box_of_dots, uniq_terence
D:4:      cheibriados_altar_1, lemuel_zombie_altar_yredelemnul,
          minmay_temple_entry_grid, serial_shops, nicolae_shop_statue_plus,
          first_bread
D:5:      grunt_dithmenos_smoke_and_mirrors, serial_shops, shop_coins
D:7:      lemuel_upstairs_altar, uniq_menkaure, uniq_joseph,
          uniq_crazy_yiuf_cottage
D:9:      fedhas_altar_3, okawaru_ov_weapons_minmay, kennysheep_little_box,
          due_lair_maze_entry_diamond
D:10:     orc_0_dummy, serial_shops, kennysheep_mini, uniq_maud
Orc:1:    nicolae_for_you_no_charge, uniq_erolcha
Orc:2:    serial_shops, shop
Orc:3:    nicolae_orc_pool_cavern, lemuel_statue_altar, uniq_donald,
          uniq_maurice
Orc:4:    st_orc_town, serial_shops, shop, nicolae_shop_overgrown_old_shop,
          shop, mines2_lemuel

Action                   |  1- 3 |  4- 6 |  7- 9 | 10-12 || total
-------------------------+-------+-------+-------+-------++-------
Melee: Flail             |   212 |   140 |   254 |   405 ||  1011
  Use: Scroll            |       |     6 |     5 |     8 ||    19
       Potion            |       |     1 |     2 |     1 ||     4
  Eat: Chunk             |     4 |       |     8 |     6 ||    18
       Meat ration       |     1 |       |       |       ||     1
